 Dungeon Crawl Stone Soup version 0.31.0-12-g77e489cdc1 (webtiles) character file.

Game seed: 12591518103110063406

276 Killerpretzel the Changeling (level 6, -12/41 HPs)
             Began as an Octopode Shapeshifter on Feb 12, 2024.
             Mangled by a gnoll
             ... wielding a +0 halberd
              (15 damage)
             ... on level 4 of the Dungeon.
             The game lasted 00:02:56 (2521 turns).

Killerpretzel the Changeling (OpSh)                 Turns: 2521, Time: 00:02:57

Health: -12/41     AC:  1    Str: 14    XL:     6   Next: 25%
Magic:  6/6        EV: 14    Int: 12    God:
Gold:   131        SH:  0    Dex: 13    Spells: 5/5 levels left

rFire   . .          .
                       - Unarmed
rCold   . . .        (no shield)
rNeg    . . .        (helmet currently unavailable)
rPois   .            (no amulet)
rElec   .            l - ring of see invisible
rCorr   .            (no ring)
SInv    +            (no ring)
Will    .....        (no ring)
Stlth   ++           (no ring)
HPRegen 0.26/turn    (no ring)
MPRegen 0.10/turn    (no ring)
                     (no ring)

%: no passive effects
@: beast-form
A: beast (slay +2), almost no armour, amphibious, 8 rings, camouflage 1,
gelatinous body 1, (nimble swimmer 1), tentacles
a: Begin Untransformation


You were on level 4 of the Dungeon.
You were a hulking beast.
You visited 1 branch of the dungeon, and saw 4 of its levels.

You collected 131 gold pieces.

Inventory:

Armour
 e - a +0 hat
 f - an orb of energy
Jewellery
 l - a ring of see invisible (left tentacle)
Talismans
 b - a beast talisman
 c - a flux talisman
Scrolls
 g - a scroll of identify
Potions
 a - a potion of lignification
 d - 2 potions of haste
 i - 2 potions of heal wounds
 j - a potion of degeneration
 k - a potion of curing


   Skills:
 + Level 2.6 Fighting
 + Level 3.3 Dodging
 + Level 4.0 Unarmed Combat
 * Level 4.6 Shapeshifting


You had 5 spell levels left.
You didn't know any spells.
Your spell library contained the following spells:

 Spells                   Type           Power      Damage    Failure   Level
 Sting                    Conj/Alch      0%         1d3       32%         1
 Summon Small Mammal      Summ           0%         N/A       32%         1
 Mercury Vapours          Alch/Air       0%         N/A       45%         2
 Call Canine Familiar     Summ           0%         N/A       69%         3
 Olgreb's Toxic Radiance  Alch           0%         N/A       97%         4
 Summon Blazeheart Golem  Fire/Summ      0%         N/A       97%         4


Dungeon Overview and Level Annotations

Branches:
Dungeon (4/15)
 Temple: D:4-7

Altars:
Nemelex Xobeh

Shops:
D:1 :


Innate Abilities, Weirdness & Mutations

You are a hulking beast.
Your limbs bulge with bestial killing power. (Slay +2)
You cannot wear most types of armour.
You are amphibious.
You can wear up to eight rings at the same time.
Your skin changes colour to match your surroundings (Stealth+).
Your rubbery body absorbs attacks. (AC +1, EV +1)
((You are camouflaged when in or above water. (Stealth+)))
You have tentacles for arms and can constrict up to eight enemies at once.


Message History

Things that are here:
a +0 club; a gnoll corpse A gnoll comes into view.
It is wielding a +0 halberd.
A hound comes into view.
The gnoll shouts! x2
The gnoll barely misses you.
The hound barks!
You tentacle-slap the gnoll but do no damage.
Your grab misses the gnoll.
You hear a shout!
The gnoll barely misses you.
You tentacle-slap the gnoll. You grab the gnoll.
The gnoll is moderately wounded.
You constrict the gnoll, but do no damage.
The gnoll barely misses you. The gnoll misses you.
You tentacle-slap the gnoll but do no damage.
The gnoll is moderately wounded.
You constrict the gnoll. The gnoll hits you with a +0 club!
The gnoll misses you.
You bludgeon the gnoll!
The gnoll is almost dead.
You constrict the gnoll.
You kill the gnoll!
The gnoll hits you from afar with a +0 halberd!
You tentacle-slap the hound but do no damage.
You grab the hound. You constrict the hound. The hound bites you.
The gnoll barely misses you.
You tentacle-slap the hound.
The hound is heavily wounded.
You constrict the hound. The hound barely misses you.
The hound closely misses you.
The gnoll hits you from afar with a +0 halberd!
* * * LOW HITPOINT WARNING * * *
You tentacle-slap the hound.
The hound is severely wounded.
You constrict the hound. The hound misses you. The gnoll misses you.
You tentacle-slap the hound.
You kill the hound!
The gnoll hits you from afar with a +0 halberd!
You die...

## #.. #.. #.#
#.# #.#
#######.#####.###
#......).h)g.....
#.#####)###......
#.##.....# .....
#.##.##.## ..<.
#.##.##.# ...
#.<.....# ..
####.#### . #...
###.#


You could see a gnoll.

Vanquished Creatures
  An orc priest (D:3)
  2 hounds
  An orc wizard (D:3)
  12 adders
  3 gnolls (D:4)
  4 ribbon worms
  3 orcs (D:3)
  5 bats
  3 endoplasms
  A giant cockroach (D:1)
  4 hobgoblins
  2 jackals (D:2)
  6 kobolds
  A quokka (D:1)
  A ball python (D:1)
  2 frilled lizards (D:2)
  4 goblins
  2 rats
57 creatures vanquished.

Notes
Turn   | Place    | Note
-------+----------+-------------------------------------------
     0 | D:1      | Killerpretzel the Octopode Shapeshifter began the quest for
                  | the Orb.
     0 | D:1      | Reached XP level 1. HP: 13/13 MP: 1/1
   133 | D:1      | Found Hamu's Book Shoppe.
   208 | D:1      | Reached XP level 2. HP: 18/18 MP: 2/2
   522 | D:1      | You fall into a shaft and drop 1 floor!
   533 | D:2      | Found a sparkling altar of Nemelex Xobeh.
   776 | D:2      | Reached XP level 3. HP: 23/23 MP: 3/3
   952 | D:2      | Reached XP level 4. HP: 17/29 MP: 4/4
  1471 | D:3      | Reached XP level 5. HP: 33/34 MP: 5/5
  2232 | D:3      | Reached XP level 6. HP: 37/41 MP: 6/6
  2519 | D:4      | HP: 2/41 [gnoll/+0 halberd (17)]
  2521 | D:4      | Mangled by a gnoll

Illustrated notes

Levels and vault maps discovered:
D:1:      wander_arrival_desolate, layout_basic, serial_co_window_serial,
          co_window_paths_a, co_window_corner_a, co_window_corner_a,
          co_window_cross_1, co_window_of_opportunity_a, co_window_paths_b,
          co_window_paths_a, co_window_of_opportunity_c, co_window_2corner,
          co_window_broadway_c, co_window_cross_2, co_window_2corner,
          co_window_4corner_a, serial_shops, nicolae_square_shop
D:2:      layout_basic, basic_altar
D:3:      layout_basic, nicolae_half_adder
D:4:      layout_loops_cross, uniq_sigmund, uniq_robin, uniq_menkaure,
          uniq_pikel

Skill      XL: |  1  2  3  4  5  6 |
---------------+-------------------+-----
Fighting       | 2 |  2.6
Shapeshifting  | 4 |  4.6
Dodging        | 3 |  3.3
Unarmed Combat | 4 |  4.0

Action                     |  1- 3 |  4- 6 || total
---------------------------+-------+-------++-------
  Melee: Unarmed           |    46 |    77 ||   123
         Constrict         |    11 |    24 ||    35
         Tentacles         |    11 |    19 ||    30
         Punch             |     3 |     4 ||     7
    Use: Scroll            |       |     9 ||     9
   Stab: Sleeping          |     7 |     4 ||    11
         Distracted        |     1 |       ||     1
 Armour: Skin              |    18 |    34 ||    52
  Dodge: Dodged            |    21 |    53 ||    74
